Map: Lost and Found LE

Players

Nerchio - Winner!

  • Race: Zerg Zerg
  • Spawn Location: 1:00

Garitos

  • Race: Zerg Zerg
  • Spawn Location: 7:00

Event: WCS Valencia 2018

VOD

Have the link to the VOD?

Description

Time

  • Played on: July 12, 2018, 6:10 a.m.
  • Length: 4:05

All games in this series

Show
View Real Time Build Order
Export as new Build Order

Nerchio Zerg - Winner!

Build Orders: Pool First 

Get SALT Encoding   

  12  0:00  Drone  
  13  0:13  Overlord  
  13  0:17  Drone  
  14  0:31  Drone x2  
  14  0:35  Drone  
  17  0:41  Extractor  
  16  0:45  Drone  
  17  0:50  Spawning Pool  
  17  0:56  Drone  
  17  1:17  Hatchery  
  16  1:20  Drone  
  17  1:36  Queen  
  17  1:37  Zergling x2  
  20  1:40  Drone  
  20  1:46  Metabolic Boost  
  21  1:53  Overlord  
  21  2:02  Drone  
  22  2:12  Queen, Drone  
  22  2:15  Zergling x2  
  26  2:20  Spine Crawler  
  25  2:27  Baneling Nest  
  25  2:30  Zergling x2  
  25  2:32  Zergling x2  
  26  2:40  Zergling x4  
  28  2:47  Zergling x4  
  30  2:52  Overlord  
  30  3:02  Drone x3  
  33  3:10  Overlord  
  33  3:12  Baneling  
  33  3:13  Baneling x2  
  33  3:20  Zergling x4  
  33  3:23  Zergling x2  
  33  3:25  Zergling x2  
  37  3:28  Zergling x2  
  36  3:37  Zergling x6  
  36  3:38  Zergling x2  
  38  3:44  Zergling x4  
  39  3:52  Drone  
  39  3:53  Drone  
Show
View Real Time Build Order
Export as new Build Order

Garitos Zerg 

Build Orders: Hatch First 

Get SALT Encoding   

  12  0:00  Drone  
  13  0:12  Overlord  
  13  0:24  Drone  
  14  0:31  Drone x2  
  16  0:35  Drone  
  17  0:53  Hatchery  
  17  0:56  Drone  
  17  0:59  Drone  
  17  1:01  Extractor  
  17  1:15  Spawning Pool  
  17  1:17  Drone  
  17  1:21  Drone  
  18  1:29  Drone  
  19  1:45  Overlord  
  19  1:51  Drone  
  20  2:03  Metabolic Boost  
  20  2:04  Queen  
  20  2:05  Queen  
  24  2:10  Drone x2  
  24  2:15  Drone  
  27  2:16  Drone  
  28  2:25  Zergling x2  
  28  2:28  Zergling x2  
  30  2:35  Baneling Nest  
  30  2:36  Drone  
  30  2:37  Drone  
  31  2:55  Zergling x4, Hatchery  
  32  3:00  Zergling x2  
  32  3:01  Zergling x2  
  34  3:07  Zergling x2  
  34  3:09  Overlord  
  34  3:12  Zergling x2  
  36  3:18  Baneling x2  
  36  3:19  Baneling x2  
  36  3:25  Drone  
  32  3:36  Drone x4  
  32  3:37  Drone x2  
  32  3:40  Baneling x2  
Tags
 
Add a new tag
Caveats
  • Supply blocks, unpowered buildings, or Contaminate may cause inaccurate times.
  • Supply counts are checked every 10 seconds.